Cogmind - Beta 12 @@@ ROGUE MODE // 2023.06.08 @ 09:19:49 Player: Mr Goldstein Result: Destroyed by D-53 Grenadier with Mini Grenade Launcher Performance ------------- Evolutions (0) 0 Regions Visited (2) 400 Robots Destroyed (25) 125 Value Destroyed (688) 688 Prototype IDs (0) 0 Alien Tech Used (0) 0 Bonus (0) 0 TOTAL SCORE: 1213 Bonus ------- None Cogmind --------- Core Integrity 0/250 Matter 250/300 Energy 98/100 System Corruption 1% Temperature Cool (0) Movement Rolling (135) Ox3 Location -10/Mines Parts ------- > --- POWER (1) -------- (None) > --- PROPULSION (2) --- Armored Wheel Armored Wheel > --- UTILITY (2) ------ Cooling System Huge Storage Unit > --- WEAPON (2) ------- (None) > --- INVENTORY (25) --- Ion Engine Ion Engine Compact Wheel Armored Wheel Armored Wheel Heat Sink Cooling System Cooling System Cooling System Light Assault Rifle Light Assault Rifle Plasma Cutter Plasma Cutter Peak State ------------ > --- POWER ------------ Light Nuclear Core > --- PROPULSION ------- Armored Wheel Armored Wheel > --- UTILITY ---------- Cooling System Huge Storage Unit > --- WEAPON ----------- EM Pulse Gun EM Pulse Gun > --- INVENTORY -------- Ion Engine Ion Engine Compact Wheel Armored Wheel Armored Wheel Heat Sink Cooling System Cooling System Cooling System Light Assault Rifle Light Assault Rifle Grenade Launcher Plasma Cutter Plasma Cutter [Rating: 14] Favorites ----------- Power Ion Engine Engine Ion Engine Power Core Light Nuclear Core Propulsion Armored Wheel Wheel Armored Wheel Utility Huge Storage Unit Device Heat Sink Storage Huge Storage Unit Weapon EM Pulse Gun Energy Gun EM Pulse Gun Launcher Grenade Launcher Build | -11 -10 -10 ------- Run | Jun Mat Min Slots Evolved . | . . . Power . | . . . Propulsion . | . . . Utility . | . . . Weapon . | . . . Parts Attached 21 | 7 10 4 Power 3 | 1 1 1 Engine 2 | 1 1 . Core 1 | . . 1 Reactor . | . . . Propulsion 4 | 2 2 . Treads . | . . . Leg . | . . . Wheel 4 | 2 2 . Hover . | . . . Flight . | . . . Utility 4 | 1 3 . Device 2 | . 2 . Storage 2 | 1 1 . Processor . | . . . Hackware . | . . . Protection . | . . . Artifact . | . . . Weapon 10 | 3 4 3 Energy Gun 9 | 3 4 2 Energy Cannon . | . . . Ballistic Gun . | . . . Ballistic Cannon . | . . . Launcher 1 | . . 1 Special Weapon . | . . . Impact Weapon . | . . . Slashing Weapon . | . . . Piercing Weapon . | . . . Special Melee Weapon . | . . . Unidentified Prototypes . | . . . Corrupted Parts 1 | . 1 . System Corruption 1 | . 1 . Parts Lost 10 | . 5 5 Power 2 | . 1 1 Propulsion 1 | . 1 . Utility . | . . . Weapon 7 | . 3 4 Highest Loss Streak 4 | . 3 4 To Critical Strikes . | . . . Average Slot Usage (%) 92 | . 90 97 Engine 12 | . 12 10 Wheel 25 | . 23 28 Device 12 | . 11 14 Storage 14 | . 14 14 Energy Gun 26 | . 26 25 Naked Turns . | . . . Heaviest Build 91 | 12 91 91 Greatest Support 28 | 26 28 24 Greatest Overweight (x) 5 | 3 5 3 Average Overweight (x) 2 | . 3 3 Largest Inventory Capacity 25 | 8 25 25 Average Capacity 22 | 7 21 25 Most Carried 14 | . 12 14 Average Carried 8 | . 6 13 Final Capacity 25 | 8 25 25 Final Carried 13 | . 12 13 Class Distribution -------------------- 100% | Mutant Dominant Class ---------------- Mutant | -10/Materials Mutant | -10/Mines Resources | -11 -10 -10 ----------- Run | Jun Mat Min Matter Collected 387 | 227 103 57 Remotely . | . . . Salvage Created 1010 | . 774 236 Parts 57 | . 40 17 Haulers Intercepted 2 | . 2 . Recyclers Shooed 1 | . 1 . Parts Field Recycled . | . . . Retrieved Matter . | . . . Parts Self-Destructed . | . . . Prevented . | . . . Kills | -11 -10 -10 ------- Run | Jun Mat Min Combat Hostiles Destroyed 28 | . 12 16 Guns 14 | . 9 5 AOE 12 | . 1 11 Classes Destroyed 7 | . 4 3 Worker 2 | . 2 . Hauler 2 | . 2 . Recycler 1 | . . 1 Watcher 3 | . 3 . Swarmer 3 | . . 3 Grunt 14 | . 12 2 Assembled 11 | . . 11 Best Kill Streak 11 | . 6 11 Combat Bots Only 11 | . 4 11 Max Kills in Single Turn 3 | . 2 3 Gunslinging 1 | . . 1 Exploded 3 | . 1 3 Melee . | . . . Uniques/NPCs Destroyed . | . . . Combat | -11 -10 -10 -------- Run | Jun Mat Min Damage Taken 967 | . 514 453 Core 299 | . 169 130 Absorbed by Shields . | . . . Core Remaining (%) 100 | 100 . . Volleys Fired 73 | . 51 22 Largest 2 | . 2 2 Hottest 90 | . 90 80 Shots Fired 128 | . 89 39 Gun 123 | . 89 34 Cannon . | . . . Launcher 5 | . . 5 Special . | . . . Kinetic . | . . . Thermal 10 | . 10 . Explosive 5 | . . 5 Electromagnetic 113 | . 79 34 Robot Hit Streak 12 | . 12 4 Robot Miss Streak 5 | . 5 2 Penetration Max . | . . . Secondary Targets 3 | . . 3 Max Gunslinging Chain 1 | . . 1 Shots Hit Robots 78 | . 56 22 Core Hits 57 | . 25 32 Critical Kills . | . . . Critical Parts Destroyed . | . . . Critical Strikes 1 | . 1 . Corrupt 1 | . 1 . Melee Attacks . | . . . Impact . | . . . Slashing . | . . . Piercing . | . . . Sneak Attacks . | . . . Combat Hostiles . | . . . Follow-up Attacks . | . . . Damage Inflicted 1983 | . 999 984 Guns 1161 | . 859 302 Cannons . | . . . Explosions 822 | . 140 682 Melee . | . . . Ramming . | . . . Kinetic . | . . . Thermal 233 | . 233 . Explosive 682 | . . 682 Electromagnetic 1068 | . 766 302 Impact . | . . . Slashing . | . . . Piercing . | . . . Highest Corruption 1 | . 1 1 Average Corruption 1 | . 1 1 Corruption Purged . | . . . Corruption Blocked . | . . . Effects 4 | . 3 1 Message Errors 2 | . 2 . Matter Fused 1 | . . 1 Data Loss (major) 1 | . 1 . Overload Shots . | . . . Overflow Damage 25 | . 20 5 Projectiles . | . . . Explosions 25 | . 20 5 Melee . | . . . Knockbacks . | . . . Impact . | . . . Kinetic . | . . . Secondary . | . . . Self-Inflicted Damage 46 | . 46 . Shots 2 | . 2 . Rammed . | . . . Targets Rammed . | . . . Kicked . | . . . Crushed . | . . . Highest Temperature 372 | . 372 . Average Temperature 146 | . 146 . Received Heat Transfer 321 | . 264 57 Effects 2 | . 2 . Interference 2 | . 2 . Siege Activations . | . . . Robots Corrupted 3 | . 3 . Combat Hostiles 2 | . 2 . Parts Fried 5 | . 5 . Impact Corruptions . | . . . Robots Melted . | . . . Combat Hostiles . | . . . Parts Melted . | . . . Heat Transferred 409 | . 409 . Parts Sabotaged . | . . . Parts Stolen . | . . . Parts Stripped . | . . . Power Chain Reactions 3 | . 3 . Missiles Intercepted . | . . . Alert | -11 -10 -10 ------- Run | Jun Mat Min Peak Influence 371 | . 371 238 Initial 51 | . . 51 Average 192 | . 220 156 Maximum Alert Level 1 | . 1 1 Low Security (%) 45 | 100 30 72 Level 1 54 | . 69 27 Level 2 . | . . . Level 3 . | . . . Level 4 . | . . . Level 5 . | . . . High Security . | . . . Max Security . | . . . Squads Dispatched 4 | . 4 . Investigation 3 | . 3 . Extermination . | . . . Reinforcement 1 | . 1 . Assault . | . . . Garrison . | . . . Intercept . | . . . Searches Triggered . | . . . Construction Impeded . | . . . Haulers Reinforced . | . . . Active Scanning Responses . | . . . Cargo Convoy Interrupts . | . . . Stealth | -11 -10 -10 --------- Run | Jun Mat Min Distress Signals 1 | . 1 . Communications Jammed . | . . . Distress Signals . | . . . Times Spotted 39 | . 16 23 Peak Tracking Total 18 | . 3 18 Tactical Retreats 1 | . 1 . Traps | -11 -10 -10 ------- Run | Jun Mat Min Traps Triggered 1 | . 1 . Indirectly . | . . . Trap Hack Attempts . | . . . Triggered . | . . . Disarmed . | . . . Reprogrammed . | . . . Reused . | . . . Traps Extracted . | . . . Installed . | . . . Triggered . | . . . Machines | -11 -10 -10 ---------- Run | Jun Mat Min Machines Disabled 7 | . 4 3 Max in Single Turn 3 | . 2 3 Machines Repaired . | . . . Machines Sabotaged . | . . . Overloaded Fab Kills . | . . . Hacking | -11 -10 -10 --------- Run | Jun Mat Min Machines Accessed 5 | . 5 . Terminals 3 | . 3 . Fabricators . | . . . Repair Stations . | . . . Recycling Units 2 | . 2 . Scanalyzers . | . . . Garrison Access . | . . . Total Hacks 18 | . 18 . Successful 5 | . 5 . Failed 12 | . 12 . Catastrophic 3 | . 3 . Database Lockouts 1 | . 1 . Manual 17 | . 17 . Terminals 11 | . 11 . Fabricators . | . . . Repair Stations . | . . . Recycling Units 7 | . 7 . Scanalyzers . | . . . Garrison Access . | . . . Terminal Hacks 3 | . 3 . Robot Analysis 2 | . 2 . Hauler Manifests 1 | . 1 . Fabricator Hacks . | . . . Repair Station Hacks . | . . . Recycling Unit Hacks . | . . . Scanalyzer . | . . . Garrison Access Hacks . | . . . Unauthorized Hacks 2 | . 2 . Terminals 1 | . 1 . Disrupt 1 | . 1 . Fabricators . | . . . Repair Stations . | . . . Recycling Units 1 | . 1 . Tunnel 1 | . 1 . Scanalyzers . | . . . Garrison Access . | . . . Data Cores Recovered . | . . . Used . | . . . Hacking Detections 4 | . 4 . Full Trace Events 3 | . 3 . Feedback Events . | . . . Feedback Blocked . | . . . Robot Schematics Acquired . | . . . Robots Built . | . . . Authchips . | . . . Time . | . . . Total Robot Build Rating . | . . . Part Schematics Acquired . | . . . Parts Built . | . . . Authchips . | . . . Time . | . . . Total Part Build Rating . | . . . Parts Repaired . | . . . Time . | . . . Parts Recycled . | . . . Recycled Matter . | . . . Retrieved Matter . | . . . Retrieved Components . | . . . Parts Scanalyzed . | . . . Part Schematics Acquired . | . . . Parts Damaged . | . . . Bothacking | -11 -10 -10 ------------ Run | Jun Mat Min Used RIF Installer . | . . . Robots Hacked . | . . . Non-combat . | . . . Combat . | . . . Robot Hacks Applied . | . . . Relay Couplers Released . | . . . Fabnet Peak Effective % . | . . . Robots Rewired . | . . . Allies Hacked . | . . . Hacks Repelled . | . . . Allies | -11 -10 -10 -------- Run | Jun Mat Min Total Allies . | . . . Largest Group . | . . . Highest-Rated Group . | . . . Highest-Rated Ally . | . . . Total Orders . | . . . Ally Attacks . | . . . Total Damage . | . . . Kills . | . . . Allies Corrupted . | . . . Allies Melted . | . . . Intel | -11 -10 -10 ------- Run | Jun Mat Min Robot Analysis Total 2 | . 2 . Derelict Logs Recovered 2 | . . 2 Drone Launches . | . . . Drone Recoveries . | . . . Exploration | -11 -10 -10 ------------- Run | Jun Mat Min Turns Passed 1229 | 47 813 369 Spaces Moved 655 | 36 411 208 Core 12 | 12 . . Treads . | . . . Legs . | . . . Wheels 643 | 24 411 208 Hover . | . . . Flight . | . . . Fastest Speed 50 | 50 90 135 Average Speed 134 | 102 137 135 Slowest Speed 200 | 200 175 135 Overloaded Moves . | . . . Propulsion Burnouts . | . . . Robots Hopped . | . . . Cave-ins Triggered . | . . . Exploration Rate (%) 44 | 3 77 52 Regions Visited 2 Branch Regions 1 Pre-discovered Areas 1 | . 1 . Known Exits Taken . | . . . Unknown Exits Taken 2 | 1 1 . Scrap Searched 1 | . . 1 Spaces Dug . | . . . Terrain Destroyed 48 | . 14 34 Melee . | . . . Projectile . | . . . AOE 48 | . 14 34 Terrain Rammed . | . . . Walls Destroyed . | . . . Machines Disabled . | . . . Actions | -11 -10 -10 --------- Run | Jun Mat Min Total 867 | 43 567 257 Wait 101 | . 80 21 Move 653 | 35 410 208 Hop . | . . . Pick Up 16 | . 14 2 Fast Attach 10 | 7 3 . Attach 6 | . 4 2 Detach . | . . . Swap 5 | . 3 2 Drop 3 | 1 2 . Fire 73 | . 51 22 Melee . | . . . Ram . | . . . Kick . | . . . Crush . | . . . Escape Stasis . | . . . Rewire . | . . . Trap . | . . . Miscellaneous . | . . . Route ------- -11/Junkyard -10/Materials (discovered 3 exits: [*Mat x2] / [*Min]) -10/Mines History --------- Turn | Location | Event 33 | -11/Junkyard | Discovered new exit (range 12) 48 | -11/Junkyard | Entered Materials 72 | -10/Materials | Central database locked down 318 | -10/Materials | Build established: Mutant 374 | -10/Materials | Discovered new exit (range 5) 405 | -10/Materials | Lost 3 parts (1p2w) 443 | -10/Materials | Core integrity fell below 50% 678 | -10/Materials | Discovered new exit (range 5) 849 | -10/Materials | Discovered new exit (range 9) 861 | -10/Materials | Entered Mines 888 | -10/Mines | A weapon hastily lodged in a ceiling crevice suddenly fell to the ground 996 | -10/Mines | Learned location of 1 exit from Materials 1027 | -10/Mines | Found a hidden stash of uninstalled traps 1098 | -10/Mines | Learned location of 1 exit from Materials 1183 | -10/Mines | Assembled infested the area 1194 | -10/Mines | Core integrity fell below 20% 1217 | -10/Mines | Destroyed 11 combat bots 1230 | -10/Mines | Destroyed by D-53 Grenadier with Mini Grenade Launcher Last Messages --------------- 01188_ as-18993 destroyed. 01189_ K-01 Serf collects debris. 01190_ as-31867 destroyed. 01190_ as-10492 destroyed. 01190_ as-40005 destroyed. 01191_ The unstable cave ceiling collapses. 01192_ as-23177 destroyed. 01192_ as-93552 destroyed. 01192_ as-06420 destroyed. 01192_ K-01 Serf collects debris. 01194_ as-20632 destroyed. 01194_ as-06658 destroyed. 01194_ as-30477 destroyed. 01194_ as-54664 destroyed. 01196_ as-57541 destroyed. 01196_ Destroyed Asb. Hover Unit. 01197_ Grenade Launcher destroyed. 01226_ D-53 Grenadier destroyed. 01226_ EM Pulse Gun destroyed. 01228_ Lgt. Nuclear Core destroyed. Map ----- +----------------------------------------------------+ | ????????????# ?????????### #??????????????????# | | ????????????# ##????????## #??????????????????# | | ????????????##???######## ##?????????????????? | | ?????????????????# #??????????????#### | | ?????????????????# ####### &##########?????#= = | | ?????????????????# #?????# & & % #?????#%## | | ?????????????????# #?????# &######## #?????#*#? | | ?????????????????# #?????## #??????# #?????#%#? | | ???#########?????# ##?????## ##??????# #?????#*#? | | ???# #????## ##?????####???????# #?????#%#? | | ???#""" #????# ##???????????????# #?????# #? | | ???#""" #????# ##??????????????# #?????# #? | | ???#""" ###### #??????????????# #?????# #? | | ???# =% #??????????????# #?????# #? | | ???#""" *%! ##??????????????# #?????# #? | | ???#""" #### ##???????????????# ###???# #? | | ???#""" #??# #?????????###???## #???# #? | | ???# #??# ##????????# ##??# #???# #? | | ???#########??# ####?######## #??# ##??# ## | | ??????????????# #???## # #??# ##?# | | ??????????????# #?### #??## ### ## | | ??????????????# ### #????## #? | | ??????????????# #??????## ####? | | ??????????????# #???????## ##???? | | ??????????????### ##????????####????? | | ????????????????## @ ##?????????????????? | | ?????????????????## d ##??????????????????? | | ?????????????????## # #???????????????????? | | ????????????????## ## #??????????????????? | | ???????????????## ### #??????????????????? | | ???????????????# ##?## #?????????????????? | | ??????????????# #???# #?????????????????? | | ??????????????# = #???? #????????????????? | | ?????????????# #???? #????????????????? | | ????????????? #?? ????????????????? | | ???????????? ? ???????????????? | | ??????????? #??????????????? | | ?????????? % ## #??????????????? | | ????????? #?# ##??????????????? | | ???????? ## #??# ###???????????????? | | ???????? #?? #???###?????????????????? | | ???????? ??? ???????????????????????? | | ??????? ???# #???????????????????????? | | ????????? ?????## % ?????????????????????????? | | ???????????? ???????????????????????????????????? | | ?????????????????????????????????????????????????? | | ?????????????????????????????????????????????????? | | ?????????????????????????????????????????????????? | | ?????????????????????????????????????????????????? | | ?????????????????????????????????????????????????? | +----------------------------------------------------+ Best States ------------- Heat Dissipation 47 Energy Generation 14 Energy Capacity 250 Matter Stores 300 Matter Capacity 300 Sight Range 16 Terrain Scan Density 10 Evasion (%) 42 Item Schematics ----------------- None Robot Schematics ------------------ None Fabricated ------------ Nothing Alien Tech Used ----------------- None Achievements -------------- None Challenges ------------ None Game ------ Seed DrainedFlakHumpback Manual? 0 Play Time 00:09:44 Cumulative 280.7 hours Start 2023.06.08 @ 09:12:25 End 2023.06.08 @ 09:19:49 Sessions 1 Manual Loads 0 Difficulty Rogue Special Mode None Game No. 827 Rogue 827 Adventurer 0 Explorer 0 Win Type - Total 17 Types 8/0/7/2/0/0/0/0/0 Lore% 90 Gallery% 87 Achievement% 79 Wizard Run 0 Options --------- ASCII 0 Keyboard 0 Movement Mouse Keybinds 0 Fullscreen 1 Font 16/SmallcapsGlow Map View 75x55 Tactical HUD 1 Map Filters NONE Filters NONE Steam 1 RUN: 6b2e2d34-0e18-4407-84ae-1af1f273fd1d